Map: Green Acres

Players

SHIRYU

  • Race: Protoss Protoss

MegaGiga

  • Race: Terran Terran

Minegamer

  • Race: Terran Terran

A.I. 3 (Very Hard) - Winner!

  • Race: Protoss Protoss

A.I. 4 (Very Hard) - Winner!

  • Race: Zerg Zerg

A.I. 5 (Harder) - Winner!

  • Race: Zerg Zerg

VOD

Have the link to the VOD?

Description

Time

  • Played on: Oct. 12, 2026, 2:19 p.m.
  • Length: 13:00
Show
View Real Time Build Order
Export as new Build Order

SHIRYU Protoss 

Build Orders:  

Get SALT Encoding   

  12  0:01  Probe (Chrono Boost)  
  13  0:11  Probe (Chrono Boost)  
  14  0:20  Pylon  
  14  0:22  Probe  
  15  0:38  Probe  
  15  0:40  Gateway  
  16  0:48  Assimilator  
  16  0:50  Probe  
  16  0:55  Assimilator  
  17  1:02  Probe (Chrono Boost)  
  18  1:13  Probe (Chrono Boost)  
  18  1:18  Probe (Chrono Boost)  
  20  1:28  Probe  
  20  1:29  Pylon  
  20  1:30  Cybernetics Core  
  21  1:40  Probe  
  21  1:47  Zealot  
  24  1:53  Probe  
  25  2:04  Warp Gate (Chrono Boost)  
  25  2:14  Zealot  
  27  2:25  Robotics Facility  
  27  2:28  Gateway  
  27  2:34  Pylon  
  27  2:41  Zealot  
  29  3:08  Zealot  
  31  3:15  Pylon  
  31  3:16  Immortal  
  35  3:24  Robotics Facility  
  35  3:31  Robotics Bay  
  35  3:37  Protoss Air Weapons Level 1  
  35  3:44  Stalker x2  
  39  4:08  Twilight Council  
  39  4:16  Zealot x2  
  43  4:23  Gateway  
  39  5:45  Protoss Air Armor Level 1  
  39  6:01  Colossus  
  45  6:19  Pylon  
  45  6:22  Stalker  
  47  6:29  Immortal  
  43  6:55  Immortal  
  47  7:06  Zealot x3  
  53  7:12  Pylon  
  53  7:15  Pylon  
  53  7:30  Colossus  
  53  7:31  Nexus  
  53  7:34  Immortal  
  53  7:35  Assimilator  
  63  7:40  Assimilator  
  63  7:47  Zealot x3  
  69  8:42  Immortal x2  
  75  8:57  Probe (Chrono Boost)  
  75  8:58  Probe (Chrono Boost)  
  77  9:07  Probe (Chrono Boost)  
  77  9:08  Pylon, Probe (Chrono Boost)  
  79  9:10  Stalker  
  79  9:12  Probe x2 (Chrono Boost)  
  83  9:20  Stalker  
  83  9:23  Probe  
  86  9:26  Probe, Zealot  
  89  9:35  Probe  
  89  9:38  Probe  
  28  10:51  Probe (Chrono Boost)  
  28  10:52  Probe (Chrono Boost)  
  30  11:02  Stalker x3, Probe x2 (Chrono Boost)  
  38  11:07  Probe x2 (Chrono Boost)  
  40  11:17  Probe  
  40  11:18  Probe  
  41  11:29  Probe  
  41  11:30  Probe  
  32  11:47  Stalker  
  32  11:48  Stalker x2  
  37  11:55  Immortal (Chrono Boost)  
  37  11:56  Immortal (Chrono Boost)  
  37  12:02  Pylon  
  37  12:14  Stalker x3  
  43  12:25  Pylon  
  51  12:38  Stalker x2  
Show
View Real Time Build Order
Export as new Build Order

MegaGiga Terran 

Build Orders:  

Get SALT Encoding   

  12  0:01  SCV  
  13  0:13  SCV  
  14  0:20  Supply Depot  
  14  0:26  SCV  
  15  0:41  SCV  
  16  0:45  Barracks  
  16  0:53  SCV  
  16  0:54  Refinery  
  17  1:05  SCV  
  18  1:17  SCV  
  19  1:22  Refinery  
  19  1:29  SCV  
  20  1:34  Marine  
  20  1:35  Barracks  
  21  1:42  SCV  
  22  1:52  Marine  
  23  2:03  Supply Depot  
  23  2:25  Marine, SCV  
  23  2:26  Engineering Bay  
  23  2:27  Marine  
  26  2:37  SCV  
  26  2:43  Marine, Factory  
  28  2:44  Marine  
  29  2:54  Supply Depot  
  29  2:57  Orbital Command  
  29  3:00  Marine  
  29  3:02  Marine  
  31  3:18  Marine  
  32  3:20  Marine  
  32  3:21  Terran Infantry Weapons Level 1  
  32  3:26  SCV  
  34  3:36  Marine  
  34  3:38  Marine  
  34  3:41  Supply Depot  
  36  3:44  SCV  
  37  3:54  Factory Tech Lab, Marine  
  38  3:56  SCV  
  38  3:58  Starport  
  38  4:02  Marine  
  40  4:08  SCV  
  41  4:12  Supply Depot  
  41  4:15  Marine  
  42  4:20  Marine, SCV  
  47  4:24  Siege Tank  
  47  4:34  Marine  
  47  4:38  Marine  
  49  4:41  Viking  
  51  4:46  Supply Depot  
  51  4:51  Marine  
  52  4:56  Siege Tank  
  53  5:15  Terran Infantry Armor Level 1  
  45  5:51  Marine x2  
  45  5:52  Siege Tank  
  45  5:54  Viking  
  45  5:56  SCV  
  53  6:04  Supply Depot  
  53  6:08  SCV  
  54  6:20  SCV  
  54  6:24  Viking, Siege Tank  
  58  6:35  Command Center  
  49  6:54  Viking  
  49  6:57  Siege Tank, Starport  
  54  7:01  Marine x2  
  56  7:19  Marine x2  
  58  7:24  Viking  
  58  7:29  Siege Tank  
  63  7:52  Starport Tech Lab  
  63  7:53  Starport  
  63  7:54  Viking  
  65  8:00  SCV x2  
  65  8:01  Siege Tank  
  65  8:04  Refinery  
  70  8:12  SCV x2  
  72  8:24  SCV  
  73  8:38  Marine x2  
  73  8:39  SCV x2  
  77  8:43  Missile Turret  
  77  8:51  SCV x2  
  77  8:55  Viking, Banshee  
  81  8:56  Marine x2  
  86  9:23  Refinery  
  86  9:27  Supply Depot  
  86  9:48  Marine, Banshee, Viking  
  86  9:49  SCV  
  94  9:53  Supply Depot  
  86  10:01  SCV  
  82  10:10  SCV  
  82  10:13  SCV  
  73  10:22  SCV  
  73  10:26  SCV  
  69  10:31  Banshee  
  69  10:34  SCV  
  71  10:37  Marine x2  
  71  10:38  SCV  
  59  11:00  Siege Tank  
  54  11:19  Starport Reactor  
  54  11:24  Cloaking Field  
  47  11:32  Siege Tank  
  44  11:52  Banshee  
Show
View Real Time Build Order
Export as new Build Order

Minegamer Terran 

Build Orders:  

Get SALT Encoding   

  12  0:09  Refinery  
  12  0:16  Refinery  
  12  0:19  SCV  
  13  0:43  Supply Depot  
  13  0:44  SCV  
  14  0:56  SCV  
  15  1:08  SCV  
  16  1:30  Barracks  
  16  1:39  SCV  
  17  1:51  SCV  
  18  2:03  SCV  
  18  2:08  Supply Depot  
  20  2:15  SCV  
  20  2:16  Supply Depot  
  20  2:24  Marine  
  21  2:42  Marine  
  22  2:49  Factory  
  22  2:59  Supply Depot, Marine  
  23  3:11  SCV  
  24  3:17  Marine  
  25  3:23  SCV  
  26  3:35  Marine, SCV  
  26  3:37  Supply Depot  
  26  3:38  Factory Tech Lab  
  28  3:47  SCV  
  29  3:53  Marine  
  30  3:58  Siege Tank  
  33  4:11  Marine  
  34  4:20  Starport  
  34  4:28  Supply Depot, Marine  
  34  4:30  Siege Tank  
  38  4:46  Marine  
  39  5:02  Siege Tank  
  39  5:04  Marine  
  43  5:08  Supply Depot  
  43  5:21  Starport Tech Lab  
  43  6:14  Siege Tank  
  46  6:33  Banshee  
  49  6:40  SCV  
  49  6:46  Siege Tank  
  53  6:52  SCV  
  54  7:16  Banshee  
  54  7:18  Siege Tank  
  60  7:36  SCV  
  61  7:48  SCV  
  61  7:50  Siege Tank  
  61  7:51  Fusion Core  
  65  7:58  Banshee  
  68  8:22  Siege Tank  
  71  8:35  Starport  
  71  8:38  Command Center  
  71  9:13  Supply Depot  
  71  9:34  Banshee, Starport Tech Lab, Siege Tank  
  77  9:44  Supply Depot  
  77  9:46  Supply Depot  
  77  9:53  Supply Depot  
  57  10:17  Banshee  
  55  10:36  SCV  
  56  10:48  SCV  
  53  11:00  Banshee, SCV  
  33  11:35  Banshee  
  36  11:41  Siege Tank  
  42  12:13  Siege Tank  
Show
View Real Time Build Order
Export as new Build Order

A.I. 3 (Very Hard) Protoss - Winner!

Build Orders: Mass Adepts, Zealot Archon 

Get SALT Encoding   

  12  0:01  Probe  
  13  0:13  Probe  
  14  0:20  Pylon  
  14  0:25  Probe  
  15  0:34  Probe  
  15  0:42  Probe  
  16  0:47  Assimilator  
  17  0:50  Gateway  
  17  0:52  Probe  
  18  1:00  Probe  
  18  1:03  Pylon  
  18  1:08  Probe  
  20  1:18  Probe  
  21  1:39  Gateway  
  21  1:40  Probe, Zealot  
  21  1:43  Cybernetics Core  
  24  1:52  Pylon, Probe  
  25  1:58  Zealot  
  25  2:04  Probe  
  28  2:16  Probe  
  28  2:21  Adept  
  28  2:22  Warp Gate, Adept  
  33  2:31  Gateway  
  33  2:39  Gateway  
  33  2:51  Stalker  
  33  2:56  Stalker  
  37  3:02  Pylon, Probe  
  38  3:07  Assimilator  
  38  3:11  Adept  
  38  3:14  Probe  
  38  3:18  Adept  
  43  3:28  Stalker  
  45  3:36  Stalker  
  47  3:43  Pylon  
  53  4:08  Adept  
  55  4:15  Adept x3, Pylon  
  55  4:33  Adept  
  55  4:35  Zealot  
  55  4:36  Zealot  
  55  4:37  Adept  
  63  4:44  Pylon  
  63  4:48  Robotics Facility  
  63  5:02  Adept x2  
  63  5:04  Adept  
  69  5:10  Adept  
  71  5:18  Pylon  
  71  5:24  Pylon  
  71  5:36  Immortal  
  75  5:43  Stalker  
  77  5:55  Twilight Council  
  77  6:22  Pylon  
  77  6:36  Templar Archives  
  77  7:14  High Templar x2  
  81  7:16  Sentry  
  81  7:20  Forge  
  81  7:21  Nexus  
  83  7:30  Archon  
  83  7:36  Pylon  
  83  7:45  High Templar  
  85  8:12  High Templar  
  87  8:22  Observer  
  88  8:28  Archon  
  88  8:33  Probe  
  90  8:34  Probe  
  90  8:45  Probe  
  90  8:47  Probe  
  92  8:54  High Templar  
  94  8:58  Probe  
  94  8:59  Probe  
  96  9:06  Assimilator  
  96  9:09  Assimilator  
  96  9:10  Probe  
  96  9:11  Probe  
  98  9:21  Probe  
  98  9:24  Probe, High Templar  
  100  9:29  Probe  
  102  9:32  Stalker  
  102  9:36  Probe, Pylon  
  102  9:37  Probe  
  106  9:38  Stalker  
  106  9:42  Stalker  
  111  9:48  Probe x2  
  111  9:50  Zealot  
  115  9:56  Sentry  
  115  9:59  Pylon  
  117  10:00  Probe  
  117  10:01  Probe, Zealot  
  117  10:06  Zealot  
  123  10:08  Zealot  
  125  10:17  Immortal  
  129  10:23  Pylon  
  129  10:30  Stalker  
  129  10:31  Sentry  
  123  10:37  Nexus  
  103  10:56  Immortal  
  105  10:59  Stalker  
  105  11:04  Stalker  
  109  11:09  Stalker  
  107  11:13  Stalker  
  105  11:21  Stalker  
  107  11:27  Immortal, High Templar  
  107  11:32  Sentry  
  111  11:36  Stalker  
  115  11:44  Adept  
  115  11:50  Probe  
  115  11:51  Probe x2  
  115  11:52  Adept  
  118  11:54  Sentry  
  120  12:02  Probe  
  120  12:04  High Templar  
  120  12:05  Probe x2  
  125  12:14  Probe  
  126  12:17  Probe  
  126  12:18  Probe, Assimilator  
  126  12:19  Stalker  
  126  12:20  Forge  
  118  12:23  Stalker  
  118  12:26  Zealot, Probe  
  118  12:29  Probe  
  120  12:33  Probe  
  120  12:36  Zealot  
  123  12:38  Probe  
  123  12:41  Probe  
  123  12:43  Zealot  
  121  12:45  Probe  
  121  12:46  Stalker  
  121  12:48  Zealot  
Show
View Real Time Build Order
Export as new Build Order

A.I. 4 (Very Hard) Zerg - Winner!

Build Orders: Pool First 

Get SALT Encoding   

  12  0:01  Drone  
  13  0:12  Overlord  
  13  0:17  Drone  
  14  0:30  Drone x2  
  14  0:34  Drone  
  17  0:50  Spawning Pool, Drone  
  17  1:13  Hatchery, Drone  
  17  1:16  Extractor  
  17  1:18  Drone  
  17  1:22  Extractor  
  17  1:24  Drone  
  17  1:29  Drone  
  18  1:38  Drone  
  19  1:48  Overlord  
  19  1:58  Queen  
  21  2:03  Zergling x2  
  22  2:10  Drone  
  23  2:24  Queen  
  25  2:32  Drone  
  26  2:37  Drone  
  26  2:42  Drone  
  28  2:46  Drone  
  29  2:58  Roach Warren  
  29  3:02  Drone  
  29  3:05  Drone  
  30  3:08  Zergling x2  
  30  3:11  Zergling x2  
  32  3:17  Overlord  
  32  3:20  Drone  
  32  3:23  Drone  
  34  3:38  Roach  
  34  3:39  Roach x2  
  34  3:40  Roach  
  42  3:48  Lair  
  42  3:52  Overlord  
  42  3:57  Overlord  
  42  4:01  Zergling x2  
  43  4:03  Zergling x2  
  44  4:10  Zergling x2  
  44  4:11  Drone x2  
  44  4:13  Drone  
  44  4:16  Drone  
  49  4:18  Drone  
  49  4:22  Roach  
  52  4:26  Roach  
  52  4:31  Overlord  
  54  4:39  Drone  
  54  4:41  Drone  
  54  4:43  Drone  
  54  4:45  Drone  
  58  4:48  Infestation Pit, Drone  
  58  4:51  Overlord  
  57  4:53  Zergling x2  
  57  4:56  Zergling x2  
  58  5:00  Overlord  
  58  5:06  Hydralisk Den  
  57  5:11  Drone  
  57  5:12  Drone  
  56  5:15  Drone  
  56  5:17  Drone  
  56  5:19  Drone  
  56  5:20  Drone  
  60  5:23  Drone  
  60  5:25  Drone  
  60  5:27  Drone  
  62  5:29  Drone  
  62  5:33  Zergling x2  
  62  5:34  Roach  
  61  5:36  Zergling x2  
  61  5:38  Hydralisk, Drone  
  61  5:42  Hydralisk  
  67  5:45  Infestor  
  67  5:46  Drone  
  67  5:47  Drone  
  71  5:50  Roach  
  71  5:52  Roach  
  71  5:55  Overlord  
  77  5:57  Roach  
  77  5:59  Roach  
  77  6:02  Infestor, Ravager  
  82  6:13  Roach, Overlord  
  82  6:14  Ravager, Hydralisk  
  82  6:15  Roach  
  82  6:16  Hydralisk  
  91  6:26  Baneling Nest, Zergling x2  
  91  6:31  Drone, Overlord  
  91  6:32  Infestor  
  94  6:33  Extractor  
  94  6:38  Extractor, Drone  
  93  6:48  Evolution Chamber  
  93  6:49  Drone  
  93  6:51  Evolution Chamber  
  93  6:52  Drone  
  93  6:54  Infestor  
  93  6:55  Drone, Overlord  
  93  6:56  Drone x2  
  93  6:59  Roach  
  93  7:01  Drone  
  101  7:03  Drone  
  101  7:07  Roach  
  104  7:09  Overseer  
  104  7:11  Baneling  
  104  7:14  Overlord, Roach  
  104  7:15  Spine Crawler  
  105  7:16  Drone  
  105  7:19  Zerg Missile Weapons Level 1  
  105  7:22  Spine Crawler  
  105  7:23  Drone, Zergling x2  
  105  7:24  Zergling x4  
  108  7:34  Zerg Ground Armor Level 1  
  108  7:38  Hydralisk, Overlord  
  108  7:43  Hydralisk  
  112  7:47  Hatchery  
  112  7:48  Drone  
  112  7:59  Lurker Den  
  112  8:00  Drone  
  112  8:02  Spore Crawler  
  112  8:03  Drone  
  112  8:05  Spore Crawler  
  112  8:07  Drone  
  112  8:14  Ravager  
  112  8:16  Roach  
  115  8:23  Ravager, Overlord  
  115  8:26  Roach  
  118  8:28  Roach  
  118  8:31  Roach  
  122  8:36  Spine Crawler  
  122  8:37  Zergling x4  
  122  8:38  Zergling x4  
  122  8:39  Zergling x2, Metabolic Boost  
  126  8:42  Overlord, Evolution Chamber  
  125  8:58  Hydralisk, Lurker  
  125  8:59  Drone  
  125  9:00  Drone, Queen  
  125  9:01  Drone x2  
  125  9:02  Drone x2  
  136  9:03  Overlord, Drone  
  136  9:04  Drone  
  136  9:05  Drone  
  136  9:07  Lurker  
  136  9:09  Drone  
  141  9:13  Drone, Zerg Melee Weapons Level 1  
  141  9:14  Drone  
  143  9:17  Extractor  
  143  9:20  Hydralisk, Drone  
  143  9:21  Drone  
  143  9:22  Overlord  
  146  9:24  Drone  
  146  9:25  Drone  
  146  9:27  Drone  
  146  9:28  Drone  
  146  9:30  Drone  
  151  9:37  Hive  
  151  9:40  Drone  
  151  9:41  Overlord  
  151  9:42  Drone  
  153  9:51  Zergling x2  
  153  9:52  Zergling x2  
  152  9:53  Zergling x2  
  152  9:54  Spire, Zergling x2  
  152  9:56  Drone  
  152  9:57  Zergling x2  
  152  9:58  Zergling x2  
  152  9:59  Zergling x2  
  141  10:02  Zergling x2  
  141  10:03  Zergling x2  
  141  10:05  Zergling x2  
  130  10:08  Roach  
  130  10:10  Roach  
  130  10:12  Roach  
  130  10:13  Roach  
  115  10:15  Baneling  
  115  10:16  Baneling, Roach  
  115  10:19  Roach  
  107  10:23  Zergling x2  
  107  10:28  Infestor  
  105  10:30  Extractor, Roach  
  105  10:32  Roach  
  105  10:34  Roach  
  112  10:36  Roach  
  114  10:46  Infestor  
  114  10:49  Viper  
  116  10:52  Ravager  
  116  10:55  Roach  
  122  10:59  Ravager  
  122  11:01  Roach  
  122  11:03  Mutalisk, Hydralisk  
  127  11:06  Hydralisk  
  127  11:11  Spine Crawler  
  130  11:13  Spine Crawler  
  130  11:16  Infestor  
  131  11:25  Infestor  
  131  11:27  Roach  
  131  11:29  Roach  
  131  11:30  Roach  
  139  11:33  Hydralisk  
  139  11:36  Hydralisk  
  139  11:38  Spine Crawler  
  142  11:43  Spore Crawler  
  142  11:45  Lurker  
  142  11:46  Hydralisk, Spine Crawler  
  143  11:53  Roach  
  145  11:54  Spore Crawler, Roach  
  146  12:01  Hatchery, Ravager  
  146  12:02  Ravager  
  146  12:03  Roach x2  
  146  12:04  Spore Crawler  
  146  12:07  Zergling x2  
  150  12:08  Spore Crawler  
  150  12:09  Zergling x2  
  150  12:10  Zergling x2  
  150  12:11  Mutalisk  
  150  12:12  Zergling x2  
  150  12:13  Zergling x2  
  150  12:14  Zergling x4, Mutalisk  
  149  12:15  Zergling x2  
  149  12:16  Zergling x2  
  149  12:17  Zergling x2  
  149  12:20  Mutalisk  
  153  12:26  Mutalisk  
  154  12:33  Mutalisk  
  156  12:40  Overlord  
  156  12:44  Hatchery  
Show
View Real Time Build Order
Export as new Build Order

A.I. 5 (Harder) Zerg - Winner!

Build Orders: 1 Base Baneling Bust, Pool First 

Get SALT Encoding   

  12  0:01  Drone  
  13  0:12  Overlord  
  13  0:17  Drone  
  14  0:30  Drone x2  
  16  0:43  Spawning Pool  
  16  0:45  Drone  
  16  0:49  Drone  
  17  0:52  Extractor  
  17  0:55  Drone  
  17  1:06  Overlord  
  17  1:31  Zergling x2  
  17  1:32  Queen  
  20  1:37  Roach Warren  
  20  1:38  Drone  
  20  1:40  Zergling x2  
  20  1:44  Extractor  
  20  1:49  Drone  
  21  2:00  Drone  
  22  2:10  Overlord  
  22  2:21  Drone  
  23  2:32  Lair, Roach  
  25  2:40  Drone  
  25  2:41  Roach  
  28  2:50  Roach  
  30  2:54  Overlord  
  30  3:08  Roach  
  32  3:21  Roach  
  34  3:30  Roach  
  34  3:32  Hydralisk Den  
  34  3:33  Drone  
  36  3:37  Overlord  
  36  3:43  Roach  
  38  3:52  Roach  
  40  4:03  Hydralisk  
  42  4:11  Overlord  
  42  4:12  Hydralisk  
  42  4:16  Drone  
  45  4:19  Drone  
  45  4:21  Hydralisk  
  45  4:22  Drone  
  49  4:30  Drone  
  50  4:39  Baneling Nest  
  50  4:41  Drone  
  50  4:45  Hydralisk, Drone  
  52  4:48  Evolution Chamber  
  52  4:49  Drone  
  53  4:53  Drone  
  54  5:50  Zerg Melee Weapons Level 1  
  54  5:52  Overlord  
  54  5:54  Spore Crawler, Burrow  
  53  5:57  Spore Crawler, Drone  
  53  6:00  Hydralisk  
  55  6:09  Hydralisk  
  57  6:19  Overseer  
  57  6:22  Spine Crawler  
  57  6:23  Zergling x2, Drone  
  52  6:29  Overseer  
  46  6:33  Spine Crawler, Drone  
  46  6:38  Roach  
  40  6:46  Hatchery  
  35  6:47  Roach  
  35  7:05  Queen  
  35  7:06  Ravager  
  35  7:07  Roach  
  40  7:14  Hydralisk  
  42  7:24  Roach  
  44  7:32  Roach  
  46  7:41  Hydralisk, Ravager x2  
  50  7:45  Zerg Ground Armor Level 1  
  50  7:49  Hydralisk  
  52  7:58  Hydralisk  
  52  7:59  Drone  
  52  8:00  Infestation Pit  
  52  8:04  Drone  
  55  8:07  Roach  
  55  8:10  Drone  
  58  8:15  Drone  
  58  8:16  Roach  
  61  8:20  Drone  
  61  8:22  Drone  
  61  8:25  Drone  
  64  8:28  Drone  
  64  8:31  Drone  
  64  8:33  Drone  
  67  8:37  Drone  
  68  8:41  Overlord  
  68  8:43  Drone  
  69  8:49  Drone  
  69  8:52  Drone  
  69  8:53  Drone  
  69  8:54  Drone  
  73  8:56  Drone  
  74  9:03  Spore Crawler  
  74  9:04  Drone  
  74  9:07  Spore Crawler, Drone  
  74  9:13  Queen  
  76  9:17  Overlord  
  76  9:26  Spire  
  76  9:28  Drone  
  76  9:29  Evolution Chamber, Drone  
  76  9:37  Spine Crawler  
  75  9:39  Zerg Missile Weapons Level 1, Drone  
  75  9:40  Spine Crawler  
  75  9:41  Drone  
  75  9:43  Roach x2  
  76  9:51  Overseer, Overlord  
  76  9:54  Roach  
  76  10:02  Zergling x2  
  76  10:06  Roach, Overseer  
  72  10:07  Pneumatized Carapace  
  72  10:10  Hydralisk  
  70  10:14  Roach  
  70  10:17  Overseer  
  70  10:18  Roach  
  59  10:21  Roach  
  59  10:26  Hatchery  
  58  10:30  Hydralisk  
  58  10:34  Hydralisk  
  62  10:38  Ravager  
  62  10:41  Hydralisk  
  65  10:46  Roach  
  65  10:47  Extractor  
  66  10:51  Roach  
  66  10:53  Extractor  
  67  11:10  Drone  
  68  11:18  Drone x3  
  70  11:22  Hydralisk  
  70  11:23  Overlord  
  73  11:26  Ravager  
  73  11:27  Roach  
  73  11:30  Hydralisk  
  78  11:34  Hydralisk  
  78  11:38  Drone x3  
  78  11:39  Drone x2, Hydralisk  
  87  11:41  Drone  
  87  11:42  Overlord  
  87  11:45  Drone  
  89  11:48  Drone, Ravager  
  89  11:49  Roach  
  93  11:55  Drone  
  93  11:56  Extractor, Infestor  
  93  11:57  Drone  
  93  12:00  Drone  
  97  12:03  Overlord  
  97  12:05  Drone  
  97  12:07  Drone  
  99  12:09  Drone  
  99  12:10  Drone  
  99  12:12  Drone  
  99  12:14  Drone  
  104  12:15  Drone  
  104  12:16  Drone  
  104  12:18  Drone  
  106  12:26  Overlord  
  106  12:49  Spore Crawler  
  106  12:50  Extractor  
  105  12:54  Spore Crawler  
Tags
 
Add a new tag
Caveats
  • Supply blocks, unpowered buildings, or Contaminate may cause inaccurate times.
  • Supply counts are checked every 10 seconds.